 Dungeon Crawl Stone Soup version 0.16.1-16-gc44b35d (webtiles) character file.

305 Rester5115 the Charmwright (level 6, -4/42 HPs)
             Began as a High Elf Skald on Apr 20, 2015.
             Killed by divine providence
             ... invoked by an orc priest
              (11 damage)
             ... on level 3 of the Dungeon.
             The game lasted 00:25:27 (7707 turns).

Rester5115 the Charmwright (High Elf Skald)         Turns: 7707, Time: 00:25:27

Health: -4/42      AC:  3    Str: 11    XL:     6   Next: 16%
Magic:  15/15      EV: 13    Int: 16    God:
Gold:   80         SH:  0    Dex: 17    Spells: 3 memorised, 4 levels left

rFire  . . .     SeeInvis .     a - +0 short sword
rCold  . . .     Clarity  .     b - +0 leather armour
rNeg   . . .     SustAb   .     (no shield)
rPois  .         Gourm    .     (no helmet)
rElec  .         Spirit   .     (no cloak)
rCorr  .         Warding  .     (no gloves)
rMut   .         Stasis   .     (no boots)
MR     .....                    (no amulet)
Stlth  +.........               (no ring)
                                (no ring)

@: drained, not resistant to hostile enchantments, very unstealthy
A: no striking features
a: no special abilities


You were on level 3 of the Dungeon.
You were not hungry.

You visited 1 branch of the dungeon, and saw 4 of its levels.

You collected 80 gold pieces.

Inventory:

Hand weapons
 a - a +0 short sword (weapon)
Armour
 b - a +0 leather armour (worn)
Scrolls
 d - 2 scrolls of remove curse {unknown}
 f - a scroll of blinking {unknown}
 g - a scroll of amnesia {unknown}
 j - 3 scrolls of identify
 l - a scroll of teleportation {unknown}
 m - a scroll of recharging {unknown}
 n - 2 scrolls of enchant armour {unknown}
Potions
 e - a potion of heal wounds {unknown}
 i - 2 potions of lignification {unknown}
 o - a potion of curing {unknown}
Books
 c - a book of Battle

   Spells                             Type                      Level
   a - Infusion                       Charms                       1
   b - Shroud of Golubria             Charms/Translocation         2
   c - Song of Slaying                Charms                       2
   d - Spectral Weapon                Hexes/Charms                 3
   e - Regeneration                   Charms/Necromancy            3
Miscellaneous
 k - a plain deck of defence {drawn: 1}


   Skills:
 + Level 3.2(2.8) Fighting
 + Level 3.8(3.5) Short Blades
 - Level 0.8(0.5) Armour
 + Level 3.5(3.2) Dodging
 - Level 2.5(2.2) Spellcasting
 + Level 5.9(5.5) Charms


You had 4 spell levels left.
You knew the following spells:

 Your Spells              Type           Power        Failure   Level  Hunger
a - Infusion              Chrm           ###...       2%          1    #......
b - Shroud of Golubria    Chrm/Tloc      ##........   14%         2    ###....
c - Spectral Weapon       Hex/Chrm       ##......     30%         3    ###....


Dungeon Overview and Level Annotations

Branches:
Dungeon (4/15)
 Temple: D:4-7

Altars:
Nemelex Xobeh

Annotations:
D:4 deszczowiec's ghost, average OpVM


Message History

The orc wizard gestures wildly while chanting.
The orc wizard flickers and vanishes!
Deactivating autopickup; reactivate with Ctrl-A.
The hobgoblin barely misses you. The wight hits you with a mace.
The wight hits you with an enchanted short sword!
You feel drained.
There is a stone staircase leading up, spattered with blood here.
The orc priest barely misses you. The hobgoblin hits you.
The wight barely misses you.
The wight hits you with an enchanted short sword.
You climb upwards.
There is a stone staircase leading down here.
The hobgoblin barely misses you.
The orc priest invokes the aid of Beogh against you.
Something smites you!
* * * LOW HITPOINT WARNING * * *
The orc priest's eyes start to glow.
The orc priest invokes the aid of Beogh against you.
Something smites you!
You die...

.# #.#.o...........########## .#
#.#.####z######...........
.#######.#.# #o# ###########.
....<..z.zz# #.# #.
##.###.#.######.## #. #.#
#.#.........# #. #.#
#.#..######g# ####. #(# #......#
#.############....
##.###(...#.####@.............###
....................########..#
##........#.####.##.########..#
######......#.................###
>.............##.##.########.....
##.###...........##.########...[.
.......##.#########........#...##
######'######........#####.##....
#.#.##.##.#.#.......#.# #.##..#.


You could see a wight, an orc priest and a hobgoblin.

Vanquished Creatures
  An orc priest (D:3)
  2 giant mites
  12 adders
  4 gnolls (D:3)
  4 worms
  4 giant geckos
  2 oozes (D:2)
  4 orcs (D:3)
  A ball python (D:2)
  11 bats
  11 hobgoblins
  4 jackals (D:2)
  6 giant cockroaches
  13 goblins
  9 kobolds
  A quokka (D:2)
  11 rats
100 creatures vanquished.

Notes
Turn   | Place    | Note
--------------------------------------------------------------
     0 | D:1      | Rester5115, the High Elf Skald, began the quest for the Orb.
     0 | D:1      | Reached XP level 1. HP: 14/14 MP: 4/4
   341 | D:1      | Reached XP level 2. HP: 13/19 MP: 0/6
   344 | D:1      | Reached skill level 4 in Charms
   490 | D:1      | Learned a level 2 spell: Shroud of Golubria
  1882 | D:2      | Reached XP level 3. HP: 16/25 MP: 0/8
  2278 | D:2      | Found a sparkling altar of Nemelex Xobeh.
  2436 | D:2      | Reached XP level 4. HP: 28/30 MP: 4/11
  3759 | D:2      | Reached skill level 5 in Charms
  4517 | D:2      | Reached XP level 5. HP: 29/36 MP: 4/12
  6303 | D:4      | Noticed a centaur
  6675 | D:3      | Learned a level 3 spell: Spectral Weapon
  6718 | D:3      | Reached XP level 6. HP: 23/42 MP: 5/15
  7286 | D:4      | Noticed deszczowiec's ghost (average OpVM)
  7707 | D:3      | Killed from afar by an orc priest

Action                   |  1- 3 |  4- 6 || total
-------------------------+-------+-------++-------
Melee: Short sword       |   101 |   290 ||   391
 Cast: Infusion          |    26 |    36 ||    62
       Shroud of Golubri |     5 |    25 ||    30
       Spectral Weapon   |       |     1 ||     1
Evoke: Deck              |     1 |       ||     1
  Use: Scroll            |     2 |     1 ||     3
       Potion            |     1 |     1 ||     2
  Eat: Chunk             |     1 |    14 ||    15
       Bread ration      |     1 |     1 ||     2
